 Dungeon Crawl Stone Soup version 0.28.0-53-g5a82cb258f (webtiles) character file.

Game seed: 11506518063928473724

23 gobodom the Firebug (level 2, -1/19 HPs)
             Began as a Demonspawn Fire Elementalist on June 10, 2022.
             Slain by an adder (3 damage)
             ... on level 1 of the Dungeon.
             The game lasted 00:06:38 (979 turns).

gobodom the Firebug (Demonspawn Fire Elementalist)   Turns: 979, Time: 00:06:39

Health: -1/19      AC:  2    Str:  8    XL:     2   Next: 72%
Magic:  1/5        EV: 12    Int: 16    God:
Gold:   21         SH:  0    Dex: 13    Spells: 2/5 levels left

rFire   . . .      SeeInvis .   b - +0 dagger
rCold   . . .      Faith    .   (no shield)
rNeg    . . .      Spirit   .   a - +0 robe
rPois   .          Reflect  .   (no helmet)
rElec   .          Harm     .   (no cloak)
rCorr   +          Rampage  .   (no gloves)
Will    .....                   (no boots)
Stlth   ++........              (no amulet)
HPRegen 0.06/turn               c - ring of resist corrosion
MPRegen 0.09/turn               (no ring)

@: no status effects
A: sturdy frame 1
a: no special abilities


You were on level 1 of the Dungeon.
You visited 1 branch of the dungeon, and saw 2 of its levels.

You collected 21 gold pieces.

Inventory:

Hand Weapons
 b - a +0 dagger (weapon)
Missiles
 f - 11 poisoned darts (quivered)
Armour
 a - a +0 robe (worn)
Jewellery
 c - a ring of resist corrosion (left hand)
Scrolls
 d - a scroll of amnesia {unknown}
 e - a scroll of fear {unknown}
 g - 2 scrolls of identify
Potions
 h - a potion of resistance
 i - a potion of cancellation {unknown}


   Skills:
 + Level 1.9 Dodging
 + Level 2.1 Stealth
 + Level 2.3 Spellcasting
 + Level 1.0 Conjurations
 + Level 3.1 Fire Magic


You had 2 spell levels left.
You knew the following spells:

 Your Spells              Type           Power      Damage    Failure   Level
a - Foxfire               Conj/Fire      32%        2x1d5     9%          1
b - Scorch                Fire           22%        2d6       9%          2

Your spell library contained the following spells:

 Spells                   Type           Power      Damage    Failure   Level
 Blink                    Tloc           2%         N/A       30%         2
 Corpse Rot               Necr/Air       2%         N/A       30%         2
 Poisonous Vapours        Pois/Air       2%         N/A       30%         2
 Conjure Flame            Conj/Fire      8%         6-21      26%         3
 Inner Flame              Hex/Fire       6%         N/A       32%         3
 Flame Wave               Conj/Fire      8%         2d5       63%         4
 Manifold Assault         Tloc           1%         N/A       99%         5
 Storm Form               Tmut/Air       0%         N/A       100%        7


Dungeon Overview and Level Annotations

Branches:
Dungeon (2/15)

Altars:


Innate Abilities, Weirdness & Mutations

Your movements are slightly less encumbered by armour. (ER -2)


Message History

You barely miss the adder.
The adder is almost dead.
The bat barely misses you. The adder bites you.
The hound skeleton barely misses you.
You closely miss the adder.
The adder is almost dead.
The adder is no longer more vulnerable to fire.
The bat barely misses you. The adder barely misses you.
The hound skeleton bites you. The bat hits you but does no damage.
The adder barely misses you.
Casting: Scorch (safe; 9% risk of failure)
Confirm with . or Enter, or press ? or * to list all spells.
You conjure some foxfire!
The bat barely misses you. x2
The hound skeleton bites you. The adder bites you.
You are poisoned.
The adder poisons you!
The hound skeleton completely misses you.
You feel sick.
The foxfire hits the hound skeleton.
The hound skeleton is heavily damaged.
The foxfire hits the adder.
The adder is almost dead.
The bat hits you but does no damage. The adder misses you.
You feel sick. The hound skeleton misses you.
The bat hits you but does no damage.
There is a stone staircase leading up here.
You feel sick. The bat hits you but does no damage.
The adder closely misses you. The hound skeleton closely misses you.
The adder bites you but does no damage. The hound skeleton barely misses you.
You climb upwards.
* * * LOW HITPOINT WARNING * * *
You feel sick.
You are no longer poisoned.
There is a stone staircase leading down here.
Sorry, you're not good enough to have a special ability.
The bat barely misses you. The bat barely misses you.
The adder barely misses you.
Sorry, you're not good enough to have a special ability.
The bat barely misses you. The adder bites you.
You die...

#....#######.# #......# #.####
#.##########.#.####
#.##########.##.#.......#...#
##.##.........##.#.#########.#
...##.##########......##.....#
......#.# #..........##.#####
........####.####.....##.#
...####.##.....#...÷...#.####
......#.##......@##.##.#....#
#..##.#.##.....Sb.#÷##.####.#
#..#..#.##........#.##....#.#
............>....##.#####.#.#
........#.#......+..# #.#.#
#####.###.#.##...#### #.#†#
......# #.#..#...# #.#.#
#####.# #.##.##### #.#.# .#
#.# #.##.########## #...#


You could see an adder and a bat.

Vanquished Creatures
  A dart slug (D:1)
  4 ball pythons
  2 endoplasms (D:1)
  A goblin (D:2)
  2 hobgoblins (D:1)
  5 bats
  2 frilled lizards
  4 kobolds
21 creatures vanquished.

Vanquished Creatures (others)
  40 foxfires
40 creatures vanquished.

Grand Total: 61 creatures vanquished

Notes
Turn   | Place    | Note
-------+----------+-------------------------------------------
     0 | D:1      | gobodom the Demonspawn Fire Elementalist began the quest
                  | for the Orb.
     0 | D:1      | Reached XP level 1. HP: 13/13 MP: 3/3
   320 | D:1      | Reached skill level 3 in Fire Magic
   320 | D:1      | Gained mutation: Your movements are slightly less
                  | encumbered by armour. (ER -2) [demonic ancestry]
   320 | D:1      | Reached XP level 2. HP: 19/19 MP: 0/5
   382 | D:1      | Found a faded altar of an unknown god.
   858 | D:1      | Learned a level 2 spell: Scorch
   979 | D:1      | Slain by an adder

Illustrated notes

Levels and vault maps discovered:
D:1:      erik_arrival_triangle_medium, layout_basic,
          chequers_ecumenical_altar_island
D:2:      minmay_skewed_foursquare, layout_rooms, grunt_decor_mini_mirrors,
          uniq_robin, uniq_sigmund, uniq_crazy_yiuf_cottage

Skill      XL: |  1 |
---------------+----+-----
Stealth        | 2 |  2.1
Fire Magic     | 3 |  3.1
Dodging        | |  1.9
Spellcasting   | |  2.3
Conjurations   | |  1.0

Action                   || total
-------------------------++-------
Melee: Dagger            ||    20
 Cast: Foxfire           ||    26
       Scorch            ||     1
  Use: Scroll            ||     1
Armor: Robe              ||     8
Dodge: Dodged            ||    33
